 Dungeon Crawl Stone Soup version 0.24-a0-235-g3f03afc (webtiles) character file.

Game seed: 4152231229874603720

1144 Gunnerkreig the Sneak (level 8, -3/54 HPs)
             Began as an Octopode Wizard on Apr 8, 2019.
             Was an Initiate of Vehumet.
             Slain by a wyvern zombie (9 damage)
             ... on level 6 of the Dungeon.
             The game lasted 00:17:40 (7618 turns).

Gunnerkreig the Sneak (Octopode Wizard)             Turns: 7618, Time: 00:17:40

Health: -3/54      AC:  1    Str:  7    XL:     8   Next: 37%
Magic:  4/14       EV: 13    Int: 22    God:    Vehumet [......]
Gold:   294        SH:  0    Dex: 12    Spells: 4/15 levels left

rFire    + . .     SeeInvis .   r - +2 short sword (drain)
rCold    . . .     Gourm    .   (no shield)
rNeg     . . .     Faith    .   a - +0 hat
rPois    .         Spirit   .   (no amulet)
rElec    .         Reflect  .   f - ring of protection from fire
rCorr    .         Harm     .   e - +2 ring of dexterity
MR       .....                  m - ring of wizardry
Stlth    ++++......             D - ring of wizardry
HPRegen  0.18/turn              (no ring)
MPRegen  0.14/turn              (no ring)
                                (no ring)
                                (no ring)

@: no status effects
A: almost no armour, stealthy swim, amphibious, 8 rings, constrict 8, camouflage
1, gelatinous body 1
a: Renounce Religion


You were on level 6 of the Dungeon.
You worshipped Vehumet.
Vehumet was noncommittal.
You were hungry.

You visited 2 branches of the dungeon, and saw 7 of its levels.

You collected 294 gold pieces.

Inventory:

Hand Weapons
 b - a +0 short sword
 j - a +0 trident
 q - a +0 war axe
 r - a +2 short sword of draining (weapon)
Missiles
 g - 18 sling bullets
 i - 169 stones (quivered)
 z - 3 tomahawks
 E - 4 javelins
Armour
 a - a +0 hat (worn)
Jewellery
 e - a +2 ring of dexterity (right tentacle)
 f - a ring of protection from fire (left tentacle)
 m - a ring of wizardry (on tentacle)
 D - a ring of wizardry (on tentacle)
Wands
 s - a wand of iceblast (8)
 u - a wand of disintegration (16)
 w - a wand of paralysis (10)
Scrolls
 h - 3 scrolls of remove curse
 l - 4 scrolls of teleportation
 n - 3 scrolls of amnesia
 t - 2 scrolls of fog
 x - a scroll of immolation {unknown}
 y - 2 scrolls of identify
 A - a scroll of blinking {unknown}
 B - 2 scrolls of silence
 C - 2 scrolls of fear {unknown}
Potions
 d - a potion of haste
 k - 6 potions of heal wounds
 o - a potion of flight
 p - 2 potions of curing
 v - 2 potions of magic
Comestibles
 c - 9 rations


   Skills:
 + Level 3.9 Fighting
 - Level 2.0 Throwing
 * Level 2.0 Dodging
 - Level 5.0 Stealth
 + Level 4.3 Spellcasting
 + Level 5.0 Conjurations
 - Level 1.0 Summonings
 - Level 1.0 Translocations
 - Level 3.0 Fire Magic
 - Level 3.0 Air Magic
 - Level 1.0 Poison Magic
 + Level 0.0 Evocations


You had 4 spell levels left.
You knew the following spells:

 Your Spells              Type           Power        Failure   Level  Hunger
a - Magic Dart            Conj           ####         1%          1    None
b - Conjure Flame         Conj/Fire      ###.....     1%          3    ##.....
c - Mephitic Cloud        Conj/Pois/Air  ###.....     2%          3    ##.....
w - Call Imp              Summ           #.......     3%          2    #......
y - Blink                 Tloc           N/A          3%          2    #......

Your spell library contained the following spells:

 Spells                   Type           Power        Failure   Level  Hunger
 Slow                     Hex            #.......     4%          2    #......


Dungeon Overview and Level Annotations

Branches:
Dungeon (6/15)             Temple (1/1) D:5

Altars:
Ashenzari
Cheibriados
Dithmenos
Elyvilon
Fedhas
Gozag
Hepliaklqana
Kikubaaqudgha
Makhleb
Nemelex Xobeh
Okawaru
Qazlal
Ru
Sif Muna
Trog
Uskayaw
Vehumet
Wu Jian
Xom
Yredelemnul
Zin
The Shining One

Shops:
D:6 (

Annotations:
D:4 strange floor, lots of hidey holes


Innate Abilities, Weirdness & Mutations

You cannot wear most types of armour.
You are very stealthy in the water. (Stealth+)
You are amphibious.
You can wear up to eight rings at the same time.
You can use your tentacles to constrict eight enemies at once.
Your skin changes colour to match your surroundings (Stealth+).
Your rubbery body absorbs attacks. (AC +1, EV +1)


Message History

Press: ? - help, Shift-Dir - straight line, f/p - wyvern zombie
Aim: a wyvern zombie (severely damaged)
The magic dart hits the wyvern zombie.
The wyvern zombie is severely damaged.
The wyvern zombie closely misses you. The wyvern zombie bites you!
* * * LOW HITPOINT WARNING * * *
Casting: Magic Dart (safe; 1% risk of failure)
Confirm with . or Enter, or press ? or * to list all spells.
Aiming: Magic Dart (safe; 1% risk of failure)
Press: ? - help, Shift-Dir - straight line, f/p - wyvern zombie
Aim: a wyvern zombie (severely damaged)
The magic dart hits the wyvern zombie but does no damage.
The wyvern zombie is severely damaged.
The wyvern zombie bites you.
* * * LOW HITPOINT WARNING * * *
Casting: Magic Dart (safe; 1% risk of failure)
Confirm with . or Enter, or press ? or * to list all spells.
A beastly little devil appears in a puff of flame.
The wyvern zombie bites you!
You die...

#. ##. #.. #.# #.# #.#
#.. ######### ###
#.5.@Z.[# #.#####.##
##....##...
#......#..#..
#.......... ..
#................ ....
#.......#.......# .##.
##.....##.#...#.##.##.
##...###.............


You could see a wyvern zombie and a friendly crimson imp.

Vanquished Creatures
  Eustachio (D:4)
  A water moccasin (D:5)
  A sky beast (D:6)
  An ogre (D:6)
  A centaur (D:5)
  2 scorpions
  A howler monkey (D:5)
  A bullfrog zombie (D:6)
  2 orc priests
  An iguana (D:6)
  3 worker ants
  3 orc wizards
  A hound skeleton (D:5)
  8 adders
  2 gnolls (D:4)
  A shadow imp (D:5)
  An ooze (D:2)
  An adder skeleton (D:4)
  6 dart slugs
  5 leopard geckos
  15 orcs
  2 ball pythons
  6 giant cockroaches
  3 goblins
  6 hobgoblins
  4 jackals (D:3)
  10 kobolds
  2 quokkas (D:6)
  9 bats
  6 frilled lizards
  A quokka zombie (D:2)
  9 rats
116 creatures vanquished.

Vanquished Creatures (others)
  6 fungi (D:4)
6 creatures vanquished.

Grand Total: 122 creatures vanquished

Notes
Turn   | Place    | Note
-------+----------+-------------------------------------------
     0 | D:1      | Gunnerkreig the Octopode Wizard began the quest for the
                  | Orb.
     0 | D:1      | Reached XP level 1. HP: 11/11 MP: 4/4
   243 | D:1      | Reached XP level 2. HP: 17/17 MP: 4/6
   874 | D:1      | Reached XP level 3. HP: 21/21 MP: 5/7
  1398 | D:2      | Learned a level 3 spell: Conjure Flame
  1401 | D:2      | Learned a level 2 spell: Call Imp
  1685 | D:2      | Reached XP level 4. HP: 27/27 MP: 1/8
  1818 | D:2      | Found a bloodstained altar of Trog.
  1966 | D:2      | Reached skill level 1 in Fighting
  1966 | D:2      | Reached skill level 1 in Throwing
  2852 | D:2      | Found a basalt altar of Yredelemnul.
  2891 | D:3      | Learned a level 3 spell: Mephitic Cloud
  2894 | D:3      | Reached XP level 5. HP: 30/33 MP: 9/9
  2915 | D:3      | Found a deep blue altar of Sif Muna.
  2915 | D:3      | Found a burning altar of Makhleb.
  3526 | D:3      | Reached skill level 1 in Poison Magic
  3885 | D:3      | Reached skill level 1 in Fire Magic
  3885 | D:3      | Reached skill level 1 in Air Magic
  3885 | D:3      | Reached XP level 6. HP: 22/38 MP: 2/10
  4328 | D:3      | HP: 1/38 [orc wizard/+0 dagger (4)]
  4755 | D:3      | Found a hazy altar of Hepliaklqana.
  4981 | D:3      | Found an ornate altar of the Wu Jian Council.
  4981 | D:3      | Found a glowing golden altar of the Shining One.
  4981 | D:3      | Found a stormy altar of Qazlal.
  4981 | D:3      | Found a sparkling altar of Nemelex Xobeh.
  4989 | D:3      | Found an ancient bone altar of Kikubaaqudgha.
  4995 | D:3      | Found an iron altar of Okawaru.
  5261 | D:4      | Learned a level 2 spell: Blink
  5388 | D:4      | Reached skill level 5 in Stealth
  5654 | D:4      | Noticed Eustachio
  5682 | D:4      | Killed Eustachio
  5682 | D:4      | Reached XP level 7. HP: 33/43 MP: 1/11
  6024 | D:5      | Entered Level 5 of the Dungeon
  6217 | D:5      | Found a staircase to the Ecumenical Temple.
  6223 | Temple   | Entered the Ecumenical Temple
  6306 | Temple   | Became a worshipper of Vehumet
  6636 | D:5      | Reached skill level 5 in Conjurations
  6795 | D:6      | Found Goziufic's Antique Weapon Shop.
  7017 | D:6      | Reached XP level 8. HP: 51/51 MP: 7/13
  7232 | D:6      | Found a sacrificial altar of Ru.
  7618 | D:6      | Slain by a wyvern zombie

Levels and vault maps discovered:
D:1:      matt_arrival_diagonals, layout_basic
D:2:      layout_loops_ring, nicolae_overflow_hidden_temple,
          lightli_temple_of_fire, minmay_misc_feat_diagonals, minivault_24,
          minmay_tetromino_o2
D:3:      layout_loops_ring, minmay_overflow_temple_hex,
          nicolae_overflow_crystal_walls,
          chequers_temple_overflow_statue_of_worship, grunt_ministairs_6
D:4:      layout_rooms, first_ration, serial_aquarium,
          aquarium_bridge_long_joined [aquarium_subvault_wall,
          aquarium_subvault_bridge, aquarium_subvault_window,
          aquarium_subvault_bridge, aquarium_subvault_window,
          aquarium_subvault_balcony], aquarium_bridge_square
          [aquarium_subvault_balcony, aquarium_subvault_bridge,
          aquarium_subvault_wall, aquarium_subvault_balcony],
          aquarium_window_fake, aquarium_window_corridor_3, aquarium_window_2,
          aquarium_window_1, aquarium_view_2f, uniq_eustachio
D:5:      layout_basic, minmay_temple_entry_trees
D:6:      layout_loops_cross, lemuel_crystal_altar, serial_shops,
          nicolae_shop_overgrown_old_shop
Temple:   eino_temple_lava

Skill      XL: |  1  2  3  4  5  6  7  8 |
---------------+-------------------------+-----
Stealth        | 3 4 5 |  5.0
Conjurations   | 2 3 4 5 |  5.0
Fighting       | 1 2 3 |  3.9
Throwing       | 1 2 |  2.0
Poison Magic   | 1 |  1.0
Fire Magic     | 1 2 3 |  3.0
Air Magic      | 1 2 3 |  3.0
Spellcasting   | 4 |  4.3
Dodging        | |  2.0
Summonings     | |  1.0
Translocations | |  1.0

Action                   |  1- 3 |  4- 6 |  7- 9 || total
-------------------------+-------+-------+-------++-------
Melee: Short sword       |    17 |    37 |    25 ||    79
       Constrict         |     6 |    17 |     6 ||    29
       Tentacles         |     2 |    12 |     6 ||    20
       Unarmed           |     1 |       |       ||     1
       Trident           |       |    22 |    16 ||    38
       War axe           |       |     5 |       ||     5
Throw: Stone             |       |     4 |       ||     4
 Cast: Magic Dart        |    45 |   130 |    78 ||   253
       Call Imp          |     1 |     1 |     1 ||     3
       Conjure Flame     |       |     4 |     4 ||     8
       Mephitic Cloud    |       |     2 |     3 ||     5
  Use: Scroll            |     1 |     7 |     3 ||    11
 Stab: Sleeping          |     1 |     1 |       ||     2
       Confused          |       |     3 |     2 ||     5
  Eat: Chunk             |     2 |    13 |     6 ||    21
Armor: Skin              |       |     3 |     1 ||     4
Dodge: Dodged            |     9 |    31 |    16 ||    56

Table legend:
 A = Non-vault XP
 B = Vault XP
 C = Vault XP percentage of total XP
 D = Non-vault monster count
 E = Vault monster count
 F = Vault count percentage of total count
                 A         B        C        D         E       F
            +---------+---------+-------+---------+---------+-------
      Total |    1421 |     214 |  13.1 |     112 |       4 |   3.4
            +---------+---------+-------+---------+---------+-------
        D:1 |      40 |       0 |   0.0 |      22 |       0 |   0.0
        D:2 |     118 |       2 |   1.7 |      25 |       1 |   3.8
        D:3 |     247 |       4 |   1.6 |      30 |       2 |   6.2
        D:4 |     116 |     208 |  64.2 |       9 |       1 |  10.0
        D:5 |     473 |       0 |   0.0 |      16 |       0 |   0.0
        D:6 |     427 |       0 |   0.0 |      10 |       0 |   0.0
            +---------+---------+-------+---------+---------+-------
